 Dungeon Crawl Stone Soup version 0.30-a0-365-ge7f957f1db (webtiles) character file.

Game seed: 18375127874312968963

2090 qeuew the Destroyer (level 9, -3/52 HPs)
             Began as a Tengu Conjurer on Nov 17, 2022.
             Was an Initiate of Gozag.
             Killed from afar by an electric eel (5 damage)
             ... with a bolt of electricity
             ... on level 8 of the Dungeon.
             The game lasted 00:10:53 (8757 turns).

qeuew the Destroyer (Tengu Conjurer)                Turns: 8757, Time: 00:10:54

Health: -3/52      AC:  6    Str: 14    XL:     9   Next: 27%
Magic:  10/16      EV: 15    Int: 18    God:    Gozag
Gold:   317        SH:  0    Dex: 15    Spells: 14/17 levels left

rFire   + + .      SeeInvis +    h - +1 hand axe
rCold   . . .      Faith    .    (no shield)
rNeg    + . .      Spirit   .    j - +0 ring mail of Cowardice {rF+ Str+4}
rPois   .          Reflect  .    (helmet restricted)
rElec   .          Harm     .    (no cloak)
rCorr   .          Rampage  .    (no gloves)
Will    .....                    (boots unavailable)
Stlth   +.........               (no amulet)
HPRegen 0.28/turn                m - ring of see invisible
MPRegen 0.15/turn                p - ring of positive energy

@: gold aura, flying quickly and evasively, quick
A: beak, talons 3, nimble flight, fire resistance 1, MP-powered wands
a: Renounce Religion, Potion Petition, Call Merchant, Bribe Branch


You were on level 8 of the Dungeon.
You worshipped Gozag.
Gozag was aware of your devotion.
You visited 2 branches of the dungeon, and saw 9 of its levels.

You collected 439 gold pieces.
You paid 122 gold pieces to Gozag.

Inventory:

Hand Weapons
 h - a +1 hand axe (weapon)
Armour
 j - the +0 ring mail of Cowardice (worn) {rF+ Str+4}
   (You found it on level 2 of the Dungeon)

   Str:       It affects your strength (+4).
   rF:        It protects you from fire.
Jewellery
 m - a ring of see invisible (left hand)
 p - a ring of positive energy (right hand)
 u - a ring of resist corrosion
Wands
 a - a wand of paralysis (2)
 k - a wand of iceblast (22)
 o - a wand of polymorph (4)
Scrolls
 e - a scroll of teleportation
 f - a scroll of amnesia
 g - 2 scrolls of silence
 i - 3 scrolls of butterflies
 l - a scroll of vulnerability {unknown}
 r - a scroll of enchant armour
 t - a scroll of enchant weapon
Potions
 b - a potion of magic
 c - 2 potions of curing
 d - a potion of ambrosia
 n - a potion of invisibility
 q - a potion of brilliance
 s - a potion of flight
 v - a potion of degeneration {unknown}


   Skills:
 + Level 4.3 Fighting
 + Level 4.5 Axes
 + Level 4.8 Armour
 + Level 5.3 Dodging
 - Level 2.0 Stealth
 + Level 4.6 Spellcasting
 + Level 8.1 Conjurations
 + Level 3.6 Evocations


You had 14 spell levels left.
You knew the following spells:

 Your Spells              Type           Power      Damage    Failure   Level
a - Magic Dart            Conj           100%       1d8       1%          1
b - Searing Ray           Conj           66%        2d6       1%          2

Your spell library contained the following spells:

 Spells                   Type           Power      Damage    Failure   Level
 Dazzling Flash           Conj/Hex       36%        N/A       16%         3
 Fulminant Prism          Conj/Hex       9%         3d7       45%         4
 Iskenderun's Mystic Bla  Conj/Tloc      18%        2d6       45%         4


Dungeon Overview and Level Annotations

Branches:
Dungeon (8/15)             Temple (1/1) D:6
   Lair: D:8-11

Altars:
Ashenzari
Dithmenos
Elyvilon
Fedhas
Gozag
Hepliaklqana
Makhleb
Nemelex Xobeh
Okawaru
Qazlal
Ru
Sif Muna
Trog
Uskayaw
Wu Jian
Xom
Yredelemnul
The Shining One

Portals:
Abyss: D:4

Annotations:
D:4 2 transporters, qeuew's ghost, amateur DsGl


Innate Abilities, Weirdness & Mutations

You have a beak for a mouth.
You have claws for feet.
Your magical nature lets you fly swiftly and evasively.
Your flesh is heat resistant. (rF+)
You expend magic power (3 MP) to strengthen your wands.


Message History

The bolt of electricity hits you!
The magic dart hits the electric eel!
The electric eel is severely wounded.
The electric eel shoots out a bolt of lightning at you!
The bolt of electricity misses you.
The magic dart hits the electric eel.
The electric eel is moderately wounded.
The electric eel shoots out a bolt of lightning at you!
The bolt of electricity hits you!
The magic dart hits the electric eel.
The electric eel is heavily wounded.
The electric eel shoots out a bolt of lightning at you!
The bolt of electricity hits you!
The electric eel shoots out a bolt of lightning at you!
The bolt of electricity hits you!
* * * LOW HITPOINT WARNING * * *
Aiming: Magic Dart (safe; 1% risk of failure)
Press: ? - help, Q - select action, (/) - cycle Shift-Dir - straight line, f/p - electric eel
Aim: an electric eel (heavily wounded, 100% to hit)
The magic dart hits the electric eel.
The electric eel is almost dead.
Unknown command.
Aiming: Magic Dart (safe; 1% risk of failure)
Press: ? - help, Q - select action, (/) - cycle Shift-Dir - straight line, f/p - electric eel
Aim: an electric eel (almost dead, 100% to hit)
The magic dart hits the electric eel but does no damage.
The electric eel is almost dead.
The electric eel shoots out a bolt of lightning at you!
The bolt of electricity hits you!
* * * LOW HITPOINT WARNING * * *
Aiming: Magic Dart (safe; 1% risk of failure)
Press: ? - help, Q - select action, (/) - cycle Shift-Dir - straight line, f/p - electric eel
Aim: an electric eel (almost dead, 100% to hit)
The magic dart hits the electric eel.
You kill the electric eel!
You hear a splash.
The electric eel shoots out a bolt of lightning at you!
The bolt of electricity hits you.
You die...
Your body crumbles into a pile of gold.

...~..#..........#...#
.~S..~..##.........#....
...~~...##....$...####..
~⌠..........##.....#....
⌠~~........####....#....
...~....#..# ###..#####
~..$......## ###
.~~...?....##
.......@....##
........###..# ~~~~###.#
##.# ~~~ .## ### # ..
#.. ... ?...


You could see an electric eel.

Vanquished Creatures
  3 water moccasins
  2 sky beasts (D:7)
  A black bear (D:6)
  2 ice beasts
  A centaur (D:5)
  A phantom (D:6)
  2 bullfrogs
  4 scorpions
  3 howler monkeys
  An electric eel (D:8)
  6 hounds
  3 jellies
  An orc priest (D:6)
  4 iguanas
  Natasha (thrice) (D:3)
  2 orc wizards (D:6)
  9 adders
  2 shadow imps
  An ufetubus (D:7)
  A worm (D:3)
  3 dart slugs
  11 orcs
  4 ball pythons
  3 endoplasms
  3 giant cockroaches
  13 goblins
  5 hobgoblins
  2 jackals (D:3)
  4 quokkas
  6 bats
  A frilled lizard (D:1)
  4 kobolds
  7 rats
118 creatures vanquished.

Vanquished Creatures (others)
  A scorpion (D:5)
  An orc wizard (D:6)
  2 iguanas (D:5)
  2 adders (D:5)
  An orc (D:5)
7 creatures vanquished.

Grand Total: 125 creatures vanquished

Notes
Turn   | Place    | Note
-------+----------+-------------------------------------------
     0 | D:1      | qeuew the Tengu Conjurer began the quest for the Orb.
     0 | D:1      | Reached XP level 1. HP: 10/10 MP: 4/4
   100 | D:1      | Reached XP level 2. HP: 16/16 MP: 0/6
   791 | D:1      | Reached skill level 1 in Armour
   889 | D:1      | Reached XP level 3. HP: 20/20 MP: 4/7
   892 | D:1      | Learned a level 2 spell: Searing Ray
   957 | D:1      | Gained mutation: You expend magic power (3 MP) to
                  | strengthen your wands. [potion of mutation]
   957 | D:1      | Gained mutation: Your flesh is heat resistant. (rF+)
                  | [potion of mutation]
  1223 | D:2      | Reached skill level 1 in Fighting
  1519 | D:2      | Identified the +0 ring mail of Cowardice {rF+ Str+4}
  1697 | D:2      | Reached XP level 4. HP: 25/25 MP: 6/8
  2120 | D:3      | Found a faded altar of an unknown god.
  2122 | D:3      | Noticed Natasha
  2129 | D:3      | Killed Natasha
  2130 | D:3      | Reached skill level 1 in Axes
  2165 | D:3      | Noticed Natasha
  2173 | D:3      | Killed Natasha
  2174 | D:3      | Gained mutation: Your magical nature lets you fly swiftly
                  | and evasively. [Tengu growth]
  2174 | D:3      | Reached XP level 5. HP: 24/29 MP: 7/9
  2294 | D:3      | Found a blossoming altar of Fedhas.
  2576 | D:3      | Found a sparkling altar of Nemelex Xobeh.
  2576 | D:3      | Found a hide-covered altar of Uskayaw.
  2706 | D:3      | Reached skill level 6 in Conjurations
  2736 | D:3      | Noticed Natasha
  2750 | D:3      | Killed Natasha
  3274 | D:4      | Noticed a kobold brigand
  3334 | D:4      | Found a stormy altar of Qazlal.
  3404 | D:4      | Reached XP level 6. HP: 32/35 MP: 7/11
  3445 | D:4      | Found a one-way gate to the infinite horrors of the Abyss.
  3445 | D:4      | Noticed qeuew's ghost (amateur DsGl)
  3481 | D:4      | Noticed a small abomination
  3630 | D:4      | Found a transporter.
  3635 | D:4      | Found a transporter.
  3841 | D:4      | Reached skill level 1 in Evocations
  4193 | D:5      | Entered Level 5 of the Dungeon
  4204 | D:5      | Noticed a water moccasin
  4213 | D:5      | Killed a water moccasin
  4214 | D:5      | Reached XP level 7. HP: 19/40 MP: 10/12
  4804 | D:5      | Found a shimmering altar of Xom.
  5304 | D:6      | Reached skill level 7 in Conjurations
  5330 | D:6      | Reached XP level 8. HP: 43/46 MP: 6/14
  6624 | D:6      | Found a staircase to the Ecumenical Temple.
  6975 | D:7      | Reached skill level 5 in Dodging
  7011 | D:7      | Reached XP level 9. HP: 49/52 MP: 16/16
  7472 | D:7      | Reached skill level 8 in Conjurations
  7501 | Temple   | Entered the Ecumenical Temple
  7521 | Temple   | Became a worshipper of Gozag Ym Sagoz the Greedy
  7765 | D:7      | Found a burning altar of Makhleb.
  8220 | D:7      | Found a white marble altar of Elyvilon.
  8469 | D:8      | Found a sacrificial altar of Ru.
  8507 | D:8      | Noticed a two-headed ogre
  8756 | D:8      | HP: 2/52 [electric eel/bolt of electricity (9)]
  8757 | D:8      | Killed from afar by an electric eel

Illustrated notes

Levels and vault maps discovered:
D:1:      lemuel_arrival_muddy, layout_basic
D:2:      layout_basic
D:3:      layout_loops_corners, fedhas_altar_4, gammafunk_temple_overflow_wave,
          dreamdust_ecumenical_altar_statues, feat_on_display, uniq_natasha
D:4:      layout_basic, kennysheep_mini, gammafunk_ghost_abyssal_escape,
          minmay_hedge_maze
D:5:      layout_loops_ring, xom_confusion_cloud
D:6:      layout_gridville, minmay_temple_entry_from_below_a, nicolae_sextant
D:7:      layout_layer_cave, nicolae_elyvilon_temple_path,
          makhleb_heckhound_becter
D:8:      cheibrodos_helix_gallery, layout_cave_pods,
          chequers_temple_overflow_statue_of_worship, hangedman_ru_absence,
          uniq_erica
Temple:   hellmonk_temple_rainy

Skill      XL: |  1  2  3  4  5  6  7  8  9 |
---------------+----------------------------+-----
Armour         | 1 2 3 4 |  4.8
Fighting       | 1 2 3 4 |  4.3
Axes           | 1 2 3 4 |  4.5
Dodging        | 3 4 5 |  5.3
Conjurations   | 6 7 8 |  8.1
Spellcasting   | 3 4 |  4.6
Evocations     | 1 2 3 |  3.6
Stealth        | |  2.0

Action                   |  1- 3 |  4- 6 |  7- 9 || total
-------------------------+-------+-------+-------++-------
Melee: Unarmed           |     4 |     1 |       ||     5
       Kick              |     5 |    12 |    36 ||    53
       Hand axe          |    17 |    44 |   130 ||   191
       Peck              |     1 |     9 |    32 ||    42
       Punch             |       |       |     3 ||     3
 Cast: Magic Dart        |    65 |    87 |   147 ||   299
  Use: Potion            |     4 |     4 |     5 ||    13
       Scroll            |     1 |    11 |     4 ||    16
Armor: Robe              |     4 |       |       ||     4
       Ring mail         |    12 |    23 |    62 ||    97
Dodge: Dodged            |    25 |    58 |   170 ||   253

Table legend: (Time is in decaauts)
 A = Elapsed time spent in this place.
 B = Non-inter-level travel time spent in this place.
 C = Inter-level travel time spent in this place.
 D = Time resting spent in this place.
 E = Time spent auto-exploring this place.
 F = Levels seen in this place.
 G = Mean time per level.
                   A        B        C        D        E       F      G
               +--------+--------+--------+--------+--------+-----+--------+
         Total |   8395 |   7994 |    401 |    111 |   6803 |   9 |  932.8 |
       Dungeon |   8367 |   7967 |    400 |    111 |   6803 |   8 | 1045.9 |
        Temple |     28 |     28 |      0 |      0 |      0 |   1 |   28.0 |
               +--------+--------+--------+--------+--------+-----+--------+

Top non-repeatable levels by time:
     D:6: 1618 daAuts
     D:7: 1295 daAuts
     D:3: 1164 daAuts
     D:1: 1066 daAuts
     D:5: 1047 daAuts
     D:4: 950 daAuts
     D:2: 875 daAuts
     D:8: 348 daAuts
  Temple: 28 daAuts
